 Dungeon Crawl Stone Soup version 0.30-a0-165-g1891117ce2 (webtiles) character file.

Game seed: 2417422650370833834

495 qw the Chopper (level 7, 0/44 HPs)
             Began as a Gargoyle Fighter on Sept 28, 2022.
             Slain by a hobgoblin
             ... wielding a +0 club
              (3 damage)
             ... on level 3 of the Dungeon.
             The game lasted 00:00:54 (2368 turns).

qw the Chopper (Gargoyle Fighter)                   Turns: 2368, Time: 00:00:55

Health: 0/44       AC: 15    Str: 22    XL:     7   Next: 15%
Magic:  7/7        EV:  7    Int:  8    God:
Gold:   134        SH:  4    Dex:  9    Spells: 6/6 levels left

rFire   . . .      SeeInvis .    Y - +1 war axe
rCold   . . .      Faith    .    c - +0 buckler
rNeg    + . .      Spirit   .    j - +0 chain mail
rPois   inf        Reflect  .    (no helmet)
rElec   +          Harm     .    h - +0 cloak
rCorr   +          Rampage  .    (no gloves)
Will    .....                    (no boots)
Stlth   ..........               (no amulet)
HPRegen 0.14/turn                g - ring of resist corrosion
MPRegen 0.10/turn                (no ring)

@: no status effects
A: sickness immunity, AC +4, negative energy resistance 1, electricity
resistance, torment resistance 1, petrification resistance
a: no special abilities


You were on level 3 of the Dungeon.
You visited 1 branch of the dungeon, and saw 3 of its levels.

You collected 134 gold pieces.


Innate Abilities, Weirdness & Mutations

You are immune to sickness and miasma.
Your stone body is resilient. (AC +4)
You are immune to poison.
You resist negative energy. (rN+)
You are resistant to electric shocks. (rElec)
You are resistant to unholy torment.
You are immune to petrification.


   Skills:
 - Level 5.4 Fighting
 + Level 5.8 Axes
 - Level 3.2 Armour
 - Level 3.2 Shields


You had 6 spell levels left.
You didn't know any spells.
Your spell library was empty.

Inventory:

Hand Weapons
 e - a +0 whip
 Y - a +1 war axe (weapon)
Armour
 a - a +0 plate armour
 c - a +0 buckler (worn)
 h - a +0 cloak (worn)
 j - a +0 chain mail (worn)
Jewellery
 g - a ring of resist corrosion (left hand)
Scrolls
 b - a scroll of silence {unknown}
 k - a scroll of identify
Potions
 d - a potion of might
 f - a potion of attraction {unknown}
 i - a potion of curing

Dungeon Overview and Level Annotations

Branches:
Dungeon (3/15)

Altars:

Shops:
D:1 =


Message History

You closely miss the goblin.
The goblin shoots a sling bullet.
The sling bullet barely misses you.
A gnoll comes into view. It is wielding a +0 spear.
You block the goblin's attack.
You hit the goblin.
You kill the goblin!
The goblin shoots a sling bullet.
The sling bullet hits you but does no damage.
A hobgoblin comes into view. It is wielding a +0 club.
The gnoll hits you from afar with a +0 spear!
A hobgoblin comes into view. It is wielding a +0 club.
The hobgoblin hits you with a +0 club.
You hit the hobgoblin.
The hobgoblin is moderately wounded.
The goblin shoots a sling bullet.
The sling bullet barely misses you. The hobgoblin barely misses you.
You block the gnoll's attack.
You slash the hobgoblin!
You kill the hobgoblin!
The goblin shoots a sling bullet.
You block the sling bullet.
The gnoll hits you from afar with a +0 spear.
A hobgoblin comes into view. It is wielding a +0 club.
The gnoll hits you but does no damage.
The goblin shoots a sling bullet.
The sling bullet hits you but does no damage.
You block the gnoll's attack. The gnoll hits you with a +0 spear!
Items here: %%% ))).
You slash the gnoll!
You kill the gnoll!
You slash the gnoll!
The goblin shoots a sling bullet.
The sling bullet hits you but does no damage.
The gnoll hits you but does no damage.
You closely miss the gnoll.
The gnoll is severely wounded.
You barely miss the hobgoblin.
The goblin shoots a sling bullet.
You block the sling bullet.
The hobgoblin hits you but does no damage.
The gnoll hits you with a +0 spear. x2; The hobgoblin closely misses you.
The hobgoblin hits you with a +0 club.
You die...

######### ########
..#.....## ##......#
..)).....###....)g.#
###)......#....%@g.#
...)).....#.....gg....#
..))......'...........#
..........#...........#
###[......#........##+#
..)).....###......g#
..#.....## ##......#
######### ########


You could see a gnoll, 3 hobgoblins and a goblin.

Vanquished Creatures
  Grinder (D:3)
  Sigmund (D:2)
  4 gnolls (D:3)
  A worm (D:2)
  2 dart slugs
  8 bats
  2 endoplasms
  3 giant cockroaches
  18 goblins
  14 hobgoblins
  7 jackals
  2 quokkas
  3 ball pythons
  3 frilled lizards
  3 kobolds (D:1)
  5 rats
77 creatures vanquished.

Vanquished Creatures (others)
  A plant (D:2)
1 creature vanquished.

Grand Total: 78 creatures vanquished

Notes
Turn   | Place    | Note
-------+----------+-------------------------------------------
     0 | D:1      | qw the Gargoyle Fighter began the quest for the Orb.
     0 | D:1      | Reached XP level 1. HP: 14/14 MP: 1/1
     0 | D:1      | 0 ||| qw: Version: 0.2-a-12-gaebbb33
     0 | D:1      | 0 ||| qw: Game counter: 863
     0 | D:1      | 0 ||| qw: Always use a shield: true
     0 | D:1      | 0 ||| qw: God list: Okawaru
     0 | D:1      | 0 ||| qw: Allow faded altars: false
     0 | D:1      | 0 ||| qw: Do Orc after D:15 true
     0 | D:1      | 0 ||| qw: Do second Lair branch before Depths: true
     0 | D:1      | 0 ||| qw: Lair rune preference: random
     0 | D:1      | 0 ||| qw: Plans: Normal, Zot:1-4, God:TSO, Crypt, Tomb,
                  | Pan, Slime:5, Hells, Abyss, Orb
     0 | D:1      | 0 ||| PLANNING D:1-11
    59 | D:1      | Found Bageoxta's Jewellery Boutique.
    67 | D:1      | 67 ||| SHOPLISTING amulet of the Median {rElec Regen+
                  | Dex+2} (530 gold, have 13).
    67 | D:1      | 67 ||| SHOPLISTING ring of positive energy (220 gold, have
                  | 13).
    67 | D:1      | 67 ||| SHOPLISTING ring of protection from cold (275 gold,
                  | have 13).
    67 | D:1      | 67 ||| SHOPLISTING ring of protection from fire (275 gold,
                  | have 13).
   131 | D:1      | Reached XP level 2. HP: 19/19 MP: 2/2
   222 | D:1      | 222 ||| Stepping ~*~*~tactically~*~*~ (stealth).
   246 | D:1      | Reached skill level 3 in Axes
   349 | D:1      | Reached XP level 3. HP: 22/23 MP: 3/3
   636 | D:1      | Found a faded altar of an unknown god.
   705 | D:1      | 705 ||| READING 2 scrolls labelled VETWAPT LOEQAA.
   706 | D:1      | 706 ||| READING scroll labelled XIRISCH HIVVO.
   707 | D:1      | 707 ||| DROPPING scroll of butterflies.
  1359 | D:2      | Noticed Sigmund
  1360 | D:2      | 1360 ||| Stepping ~*~*~tactically~*~*~ (hiding).
  1377 | D:2      | Killed Sigmund
  1378 | D:2      | Reached XP level 4. HP: 15/28 MP: 4/4
  1378 | D:2      | Reached XP level 5. HP: 18/32 MP: 5/5
  1956 | D:2      | 1956 ||| UPGRADING to +0 cloak.
  1961 | D:2      | 1961 ||| UPGRADING to +0 chain mail.
  1971 | D:2      | 1971 ||| DROPPING +0 scale mail.
  1972 | D:2      | 1972 ||| UPGRADING to ring of resist corrosion.
  1973 | D:2      | 1973 ||| READING scroll labelled MINUSE ARCHA.
  1974 | D:2      | 1974 ||| READING scroll labelled BIABAWUACH.
  1975 | D:2      | 1975 ||| DRINKING 2 grey potions.
  1992 | D:3      | Noticed Grinder
  2005 | D:3      | Paralysed by Grinder for 3 turns
  2017 | D:3      | Killed Grinder
  2018 | D:3      | Reached XP level 6. HP: 27/40 MP: 6/6
  2145 | D:3      | 2145 ||| Stepping ~*~*~tactically~*~*~ (hiding).
  2147 | D:3      | 2147 ||| Stepping ~*~*~tactically~*~*~ (hiding).
  2148 | D:3      | 2148 ||| Stepping ~*~*~tactically~*~*~ (hiding).
  2149 | D:3      | 2149 ||| Stepping ~*~*~tactically~*~*~ (hiding).
  2150 | D:3      | 2150 ||| Stepping ~*~*~tactically~*~*~ (hiding).
  2181 | D:3      | Reached XP level 7. HP: 37/44 MP: 7/7
  2366 | D:3      | HP: 6/44 [gnoll/+0 spear (7)]
  2368 | D:3      | Slain by a hobgoblin

Levels and vault maps discovered:
D:1:      minmay_arrival_solitary_statue, layout_loops_ring, serial_shops, shop,
          shapermc_ecumenical_altar_mp_highgroup, dreamdust_mushroom_princess
D:2:      cheibrodos_old_hovel, layout_basic, grunt_decor_clamped,
          chequers_decorated_corner, minivault_4, uniq_sigmund
D:3:      minmay_goblin_kobold_castle, layout_basic, uniq_grinder

Skill      XL: |  1  2  3  4  5 |
---------------+----------------+-----
Axes           | 2 3 5 |  5.8
Fighting       | 5 |  5.4
Armour         | |  3.2
Shields        | |  3.2

Action                   |  1- 3 |  4- 6 |  7- 9 || total
-------------------------+-------+-------+-------++-------
Melee: War axe           |   111 |    34 |    45 ||   190
  Use: Scroll            |     2 |     2 |       ||     4
       Potion            |       |     1 |       ||     1
Armor: Scale mail        |    59 |       |       ||    59
       Chain mail        |       |    28 |    37 ||    65
Dodge: Dodged            |    51 |    17 |    22 ||    90
Block: Buckler           |    19 |     9 |    15 ||    43

Table legend:
 A = Non-vault XP
 B = Vault XP
 C = Vault XP percentage of total XP
 D = Non-vault monster count
 E = Vault monster count
 F = Vault count percentage of total count
                 A         B        C        D         E       F
            +---------+---------+-------+---------+---------+-------
      Total |      85 |     623 |  88.0 |      47 |      30 |  39.0
            +---------+---------+-------+---------+---------+-------
        D:1 |      49 |       0 |   0.0 |      29 |       0 |   0.0
        D:2 |      23 |     240 |  91.3 |      11 |       2 |  15.4
        D:3 |      13 |     383 |  96.7 |       7 |      28 |  80.0
            +---------+---------+-------+---------+---------+-------
